 Dungeon Crawl Stone Soup version 0.31-a0-924-ge39a22a033 (webtiles) character file.

Game seed: 9217184355117332834

158 HoriaBersec the Trooper (level 5, -5/47 HPs)
             Began as a Hill Orc Fighter on Oct 18, 2023.
             Slain by a wight
             ... wielding a +4 dire flail
              (16 damage)
             ... on level 6 of the Dungeon.
             The game lasted 00:05:20 (308 turns).

HoriaBersec the Trooper (Hill Orc Fighter)           Turns: 308, Time: 00:05:20

Health: -5/47      AC:  7    Str: 21    XL:     5   Next: 40%
Magic:  5/5        EV:  9    Int:  8    God:
Gold:   33         SH:  4    Dex: 10    Spells: 4/4 levels left

rFire   . . .        g - +0 spear
rCold   . . .        c - +0 buckler
rNeg    . . .        b - +0 scale mail
rPois   .            (no helmet)
rElec   .            (no cloak)
rCorr   .            (no gloves)
SInv    .            (no boots)
Will    .....        (no amulet) Stlth
                     (no ring)
HPRegen 0.27/turn    (no ring)
MPRegen 0.09/turn

%: no passive effects
@: no status effects
A: no striking features
a: no special abilities


You were on level 6 of the Dungeon.
You visited 1 branch of the dungeon, and saw 6 of its levels.

You collected 33 gold pieces.

Inventory:

Hand Weapons
 a - a +0 war axe
 g - a +0 spear (weapon)
Armour
 b - a +0 scale mail (worn)
 c - a +0 buckler (worn)
Potions
 d - a potion of might
 e - a potion of attraction {unknown}
 f - a potion of cancellation {unknown}


   Skills:
 + Level 4.6 Fighting
 + Level 3.0(3.6) Axes
 + Level 2.2(2.8) Polearms
 + Level 4.3 Armour
 + Level 0.7 Dodging
 + Level 4.0 Shields


You had 4 spell levels left.
You didn't know any spells.
Your spell library was empty.

Dungeon Overview and Level Annotations

Branches:
Dungeon (6/15)
 Temple: D:4-7

Altars:


Message History

The wight hits you with a +4 dire flail!
You hit the wight.
The wight is lightly damaged.
The wight hits you with a +4 dire flail!
You completely miss the wight.
The wight is lightly damaged.
You barely miss the wight. You hit the wight.
The wight is lightly damaged.
The wight barely misses you.
You hit the wight.
The wight is heavily damaged.
You block the wight's attack.
You hit the wight but do no damage.
The wight is heavily damaged.
The wight hits you with a +3 long sword.
* * * LOW HITPOINT WARNING * * *
You hit the wight.
The wight is severely damaged.
The wight hits you with a +3 long sword.
* * * LOW HITPOINT WARNING * * *
You feel drained.
You hit the wight.
The wight is severely damaged.
The wight barely misses you.
You hit the wight but do no damage.
The wight is severely damaged.
The wight barely misses you.
You hit the wight.
You destroy the wight!
Your life force feels restored.
Your Polearms skill increases to level 2!
Your Shields skill increases to level 4!
You have reached level 5!
You feel stronger.
Okay, then.
You hit the wight.
The wight is moderately damaged.
The wight hits you with a +4 dire flail!
You die...

.........(# ...
..........# ...
.?........# ≈≈≈≈
..........# .....
........#.####.≈≈≈≈
#.##...........##..
#......zzY.!....
#.####.#z##.###. #.
#.#@# # # ..#.#
##.#.# ..#.. #####


You could see an ice beast and 3 wights.

Vanquished Creatures
  A centaur (D:3)
  A wight (D:6)
  An adder (D:5)
  A worm (D:4)
  An endoplasm (D:1)
  A giant cockroach (D:2)
  A goblin (D:2)
  A hobgoblin (D:2)
  3 jackals (D:3)
  A kobold (D:1)
12 creatures vanquished.

Notes
Turn   | Place    | Note
-------+----------+-------------------------------------------
     0 | D:1      | HoriaBersec the Hill Orc Fighter began the quest for the
                  | Orb.
     0 | D:1      | Reached XP level 1. HP: 19/19 MP: 1/1
   183 | D:2      | Reached XP level 2. HP: 27/27 MP: 2/2
   208 | D:3      | Noticed a centaur
   219 | D:3      | Killed a centaur
   220 | D:3      | Reached skill level 1 in Polearms
   220 | D:3      | Reached XP level 3. HP: 27/34 MP: 3/3
   220 | D:3      | Reached XP level 4. HP: 33/41 MP: 4/4
   274 | D:5      | Entered Level 5 of the Dungeon
   293 | D:6      | Noticed an ice beast
   308 | D:6      | Reached XP level 5. HP: 10/47 MP: 5/5
   308 | D:6      | Slain by a wight

Illustrated notes

Levels and vault maps discovered:
D:1:      scummos_arrival_star, layout_basic, chequers_ecumenical_altar_simple,
          dreamdust_princess_bridge
D:2:      layout_loops_ring, uniq_crazy_yiuf_cottage
D:3:      layout_loops_ring, chequers_temple_overflow_statue_of_worship,
          minitemple, uniq_natasha
D:4:      layout_loops_ring, tgw_kikubaaqudgha, uniq_blork_the_orc
D:5:      layout_rooms, grunt_dithmenos_smoke_and_mirrors,
          nicolae_ossuary_entry_plus
D:6:      layout_loops_ring, serial_shops, nicolae_shop_peninsula,
          small_statue_intersection, lightli_orcish_oven, uniq_maggie,
          uniq_pikel, uniq_sigmund

Skill      XL: |  1  2  3  4 |
---------------+-------------+-----
Fighting       | 4 |  4.6
Axes           | 3 |  3.0
Polearms       | 1 2 |  2.2
Armour         | 4 |  4.3
Shields        | 4 |  4.0
Dodging        | |  0.7

Action                     |  1- 3 |  4- 6 || total
---------------------------+-------+-------++-------
  Melee: Spear             |    30 |    29 ||    59
         War axe           |    10 |       ||    10
 Armour: Scale mail        |    28 |    12 ||    40
  Dodge: Dodged            |    26 |    10 ||    36
  Block: Buckler           |     5 |     4 ||     9

Table legend: (Time is in decaauts)
 A = Elapsed time spent in this place.
 B = Non-inter-level travel time spent in this place.
 C = Inter-level travel time spent in this place.
 D = Time resting spent in this place.
 E = Time spent auto-exploring this place.
 F = Levels seen in this place.
 G = Mean time per level.
                   A        B        C        D        E       F      G
               +--------+--------+--------+--------+--------+-----+--------+
         Total |    313 |    135 |    178 |      0 |      0 |   6 |   52.2 |
       Dungeon |    313 |    135 |    178 |      0 |      0 |   6 |   52.2 |
               +--------+--------+--------+--------+--------+-----+--------+

Top non-repeatable levels by time:
     D:1: 126 daAuts
     D:2: 64 daAuts
     D:3: 45 daAuts
     D:4: 43 daAuts
     D:6: 20 daAuts
     D:5: 13 daAuts
